 Dungeon Crawl Stone Soup version 0.19-a0-1937-g70ed36a (webtiles) character file.

507 varam the Destroyer (level 6, -1/32 HPs)
             Began as a Deep Elf Conjurer on Oct 26, 2016.
             Was a Follower of Vehumet.
             Shot with an arrow by a centaur (9 damage)
             ... on level 7 of the Dungeon.
             The game lasted 00:13:57 (5640 turns).

varam the Destroyer (Deep Elf Conjurer)             Turns: 5640, Time: 00:13:58

Health: -1/32      AC:  5    Str:  7    XL:     6   Next: 97%
Magic:  7/12       EV: 13    Int: 20    God:    Vehumet [*.....]
Gold:   313        SH:  0    Dex: 15    Spells: 3 memorised, 3 levels left

rFire  . . .     SeeInvis .     o - +2 hunting sling (freeze)
rCold  . . .     Gourm    .     a - +0 robe
rNeg   . . .     Faith    .     (no shield)
rPois  .         Spirit   .     H - +0 helmet
rElec  .         Reflect  .     (no cloak)
rCorr  .         Harm     .     (no gloves)
MR     .....                    L - +1 pair of boots
Stlth  ++........               (no amulet)
                                (no ring)
                                (no ring)

@: no status effects
A: no striking features
a: Renounce Religion


You were on level 7 of the Dungeon.
You worshipped Vehumet.
Vehumet was aware of your devotion.
You were not hungry.

You visited 1 branch of the dungeon, and saw 8 of its levels.

You collected 313 gold pieces.

Inventory:

Hand Weapons
 o - a +2 hunting sling of freezing (weapon)
 y - a +1 dagger of holy wrath
Missiles
 r - 42 sling bullets (quivered)
Armour
 a - a +0 robe (worn)
 H - a +0 helmet (worn)
 L - a +1 pair of boots (worn)
Jewellery
 e - an uncursed ring of protection from fire
Wands
 A - a wand of disintegration (14/24)
 D - a wand of teleportation (1/9)
Scrolls
 i - 5 scrolls of teleportation
 j - 2 scrolls of magic mapping {unknown}
 l - 2 scrolls of blinking {unknown}
 q - 4 scrolls of remove curse {@r2}
 t - 2 scrolls of enchant armour {unknown}
 v - 2 scrolls of noise
 w - 2 scrolls of fear {unknown}
 B - a scroll of amnesia {unknown}
 G - a scroll of random uselessness {unknown}
 J - a scroll of recharging {unknown}
Potions
 d - a potion of cancellation {unknown}
 f - 2 potions of invisibility {unknown}
 h - 5 potions of curing {@q1}
 k - a potion of might {unknown}
 m - a potion of mutation {unknown}
 p - a potion of haste {unknown}
 s - 2 potions of flight
 x - a potion of berserk rage {unknown}
 C - 2 potions of resistance {unknown}
 E - a potion of lignification {unknown}
 I - a potion of agility {unknown}
Books
 b - a book of Conjurations

   Spells                             Type                      Level
   a - Magic Dart                     Conjuration                  1
   b - Searing Ray                    Conjuration                  2
   c - Dazzling Spray                 Conjuration/Hexes            3
   d - Fulminant Prism                Conjuration/Hexes            4
   e - Iskenderun's Mystic Blast      Conjuration                  4
   f - Iskenderun's Battlesphere      Conjuration/Charms           5
 u - a book of Maledictions

   Spells                             Type                      Level
   a - Corona                         Hexes                        1
   b - Ensorcelled Hibernation        Hexes/Ice                    2
   c - Confuse                        Hexes                        3
   d - Tukima's Dance                 Hexes                        3
   e - Dazzling Spray                 Conjuration/Hexes            3
Comestibles
 c - 6 bread rations
 g - a beef jerky
 n - a royal jelly
 z - 10 fruits
 F - 2 meat rations


   Skills:
 - Level 2.4 Dodging
 - Level 2.4 Stealth
 - Level 3.0 Spellcasting
 + Level 8.2 Conjurations
 + Level 5.2 Charms


You had 3 spell levels left.
You knew the following spells:

 Your Spells              Type           Power        Failure   Level  Hunger
a - Magic Dart            Conj           ####         1%          1    None
b - Iskenderun's Battles  Conj/Chrm      ####....     30%         5    ######.
c - Searing Ray           Conj           #####.       1%          2    ##.....


Dungeon Overview and Level Annotations

Branches:
Dungeon (8/15)             Temple (0/1) D:6
   Lair: D:8-11

Altars:
Cheibriados
Kikubaaqudgha
Makhleb
Okawaru
Qazlal
Uskayaw
Vehumet
Xom
Zin

Shops:
D:6 :


Message History

The magic dart hits the centaur.
The centaur is lightly wounded.
The centaur shouts!
Casting: Magic Dart
Confirm with . or Enter, or press ? or * to list all spells.
Aiming: Searing Ray
Press: ? - help, Shift-Dir - straight line, f/p - centaur
Aim: a centaur (lightly wounded)
The searing ray hits the centaur.
The centaur is moderately wounded.
The centaur wields a shortbow.
The centaur shoots an arrow.
The arrow hits you!
The searing ray hits the centaur.
The centaur is heavily wounded.
The centaur shoots an arrow.
The arrow hits you.
The centaur shoots an arrow.
The arrow hits you!
* * * LOW HITPOINT WARNING * * *
The searing ray hits the centaur.
The centaur is almost dead.
The centaur shoots an arrow.
The arrow hits you!
You die...

#######.#..#
#..........#
#.##.......#
#.##.......####
#........#.....
#.##.........#
#.#.#.......#.#
###.# #........#.#
#.@## ##....#.....)
#.#.###.##>.####.##
#.##.#.###.........
#.###.## #.......##
#c# #.# ##.......
#.###.#####.#####.
#.##..##....#
#.##.##.....##
#.#.......####.


You could see a centaur.

Vanquished Creatures
  A scorpion (D:5)
  A howler monkey (D:4)
  2 crimson imps
  A jelly (D:5)
  2 hounds
  An orc wizard (D:6)
  2 worker ants (D:4)
  5 gnolls
  5 adders
  3 oozes
  3 worms
  A dart slug (D:1)
  5 leopard geckos
  2 orcs
  5 giant cockroaches
  2 goblins
  5 hobgoblins
  3 jackals (D:4)
  A quokka (D:2)
  A ball python (D:1)
  6 bats
  3 frilled lizards
  15 kobolds
  A quokka skeleton (D:4)
  13 rats
89 creatures vanquished.

Notes
Turn   | Place    | Note
-------+----------+-------------------------------------------
     0 | D:1      | varam the Deep Elf Conjurer began the quest for the Orb.
     0 | D:1      | Reached XP level 1. HP: 10/10 MP: 6/6
   169 | D:1      | Reached XP level 2. HP: 6/15 MP: 2/8
   351 | D:1      | Learned a level 2 spell: Searing Ray
   415 | D:1      | Reached skill level 5 in Conjurations
   695 | D:1      | Reached XP level 3. HP: 10/19 MP: 3/9
  1877 | D:2      | Reached skill level 6 in Conjurations
  2093 | D:2      | Reached XP level 4. HP: 24/24 MP: 6/10
  2098 | D:2      | Found an ancient bone altar of Kikubaaqudgha.
  2101 | D:2      | Found a snail-covered altar of Cheibriados.
  2102 | D:2      | Found a shimmering altar of Xom.
  2102 | D:2      | Found a radiant altar of Vehumet.
  2102 | D:2      | Found a stormy altar of Qazlal.
  2105 | D:2      | Found a hide-covered altar of Uskayaw.
  2106 | D:2      | Found a glowing silver altar of Zin.
  2110 | D:2      | Became a worshipper of Vehumet
  2706 | D:3      | Found an iron altar of Okawaru.
  3003 | D:3      | Reached skill level 7 in Conjurations
  3003 | D:3      | Reached XP level 5. HP: 28/28 MP: 1/11
  3010 | D:3      | Learned a level 5 spell: Iskenderun's Battlesphere
  3812 | D:4      | Reached skill level 1 in Charms
  4030 | D:5      | Entered Level 5 of the Dungeon
  4196 | D:5      | Reached * piety under Vehumet
  4196 | D:5      | Offered knowledge of Shock by Vehumet.
  4221 | D:6      | Noticed an orc warrior
  4340 | D:4      | Reached XP level 6. HP: 31/32 MP: 8/12
  4785 | D:5      | Found a faded altar of an unknown god.
  4785 | D:5      | Found a faded altar of an unknown god.
  4792 | D:5      | Found a faded altar of an unknown god.
  4795 | D:5      | Found a burning altar of Makhleb.
  4796 | D:5      | Found a faded altar of an unknown god.
  5298 | D:6      | Found a staircase to the Ecumenical Temple.
  5387 | D:7      | Reached skill level 8 in Conjurations
  5445 | D:6      | Found Soympaw's Book Boutique.
  5447 | D:6      | Noticed an orc warrior
  5503 | D:8      | Reached skill level 5 in Charms
  5640 | D:7      | Shot with an arrow by a centaur

Vault maps used:
D:1:      minmay_arrival_four_houses
D:2:      minitemple
D:3:      first_bread, okawaru_trees_2
D:4:      bh_chokoban
D:5:      chequers_temple_overflow_minitemple
D:6:      serial_shops, shop
D:8:      erik_lair_dragon

Skill      XL: |  1  2  3  4  5  6 |
---------------+-------------------+-----
Conjurations   | 5 6 7 8 |  8.2
Charms         | 3 5 |  5.2
Dodging        | |  2.4
Stealth        | |  2.4
Spellcasting   | |  3.0

Action                   |  1- 3 |  4- 6 || total
-------------------------+-------+-------++-------
 Fire: Hunting sling     |       |    21 ||    21
 Cast: Magic Dart        |    68 |    61 ||   129
       Searing Ray       |     1 |    21 ||    22
  Use: Scroll            |       |     7 ||     7
  Eat: Chunk             |     3 |    12 ||    15
Armor: Robe              |     3 |    10 ||    13
Dodge: Dodged            |     5 |    29 ||    34
